 Dungeon Crawl Stone Soup version 0.20-a0-971-g5896763 (webtiles) character file.

216870 dvd the Peltast (level 19, -7/170 HPs)
             Began as a Hill Orc Fighter on Apr 8, 2017.
             Was a High Priest of Beogh.
             Killed from afar by a halazid warlock (74 damage)
             ... with a ghostly fireball
             ... in the Desolation of Salt on Apr 9, 2017.
             The game lasted 02:52:48 (33804 turns).

dvd the Peltast (Hill Orc Fighter)                 Turns: 33804, Time: 02:52:49

Health: -7/170     AC: 26    Str: 25    XL:     19   Next: 6%
Magic:  25/25      EV: 10    Int: 15    God:    Beogh [*****.]
Gold:   2034       SH: 30    Dex: 22    Spells: 18/18 levels left

rFire    + . .     SeeInvis .   a - +11 hand axe "Megoalai" {drain, Dex+7}
rCold    + . .     Gourm    .   M - +6 large shield of Focus {+Fly Int+4}
rNeg     . . .     Faith    .   k - +1 plate armour {rF+}
rPois    +         Spirit   .   h - +2 helmet {Int+3}
rElec    .         Reflect  +   D - +2 cloak {rPois}
rCorr    .         Harm     .   y - +2 pair of gloves {Str+3}
MR       ++...     Clarity  +   (no boots)
Stlth    ..........             r - +2 amulet of reflection
Regen    0.4/turn               J - ring of protection from cold
MPRegen  0.2/turn               E - ring of protection from magic

@: heavily drained
A: walk on water, blink, clarity
}: 1/15 runes: decaying
a: Blink, Smiting, Recall Orcish Followers, Give Item to Named Follower,
Renounce Religion, Evoke Flight


You were in the Desolation of Salt.
You worshipped Beogh.
Beogh was extremely pleased with you.
You were not hungry.

You visited 7 branches of the dungeon, and saw 33 of its levels.
You also visited: Ice Cave and Desolation.

You collected 3158 gold pieces.
You spent 1124 gold pieces at shops.

Inventory:

Hand Weapons
 a - the +11 hand axe "Megoalai" (weapon) {drain, Dex+7}
   (You found it on level 10 of the Dungeon)

   A truly terrible weapon, it drains the life of those it strikes.
   It affects your dexterity (+7).
 b - a +8 morningstar of crushing
 c - the +5 broad axe "Cajoyn" {chop, Dex+3}
   (You bought it in a shop on level 2 of the Orcish Mines)

   It inflicts extra damage upon your enemies.
   It affects your dexterity (+3).
 v - a +3 war axe
 B - a +2 long sword of holy wrath
Missiles
 p - 19 tomahawks (quivered)
Armour
 h - a +2 helmet of intelligence (worn)
 k - a +1 plate armour of fire resistance (worn)
 w - the +1 ring mail of Kindness {*Corrode +Inv +Fly rN++}
   (You found it on level 12 of the Dungeon)

   It greatly protects you from negative energy.
   It lets you turn invisible.
   It lets you fly.
   It may corrode you when you take damage.
 y - a +2 pair of gloves of strength (worn)
 A - a +3 scale mail of magic resistance
 D - a +2 cloak of poison resistance (worn)
 L - the +1 robe "Wynguimn" {*Drain rPois rC+ MR+}
   (You found it on level 3 of the Swamp)

   It protects you from cold.
   It protects you from poison.
   It affects your resistance to hostile enchantments.
   It causes draining when unequipped.
 M - the +6 large shield of Focus (worn) {+Fly Int+4}
   (You acquired it on level 1 of the Lair of Beasts)

   It affects your intelligence (+4).
   It lets you fly.
 Q - a +1 pair of gloves of dexterity
 W - a +0 shield of reflection
Jewellery
 e - an uncursed ring of protection from fire
 r - a +2 amulet of reflection (around neck)
 E - a ring of protection from magic (right hand)
 G - an uncursed ring of protection from cold
 J - a ring of protection from cold (left hand)
Wands
 d - a wand of digging (15/24)
 t - a wand of acid (7/15)
 u - a wand of acid (4/15)
 I - a wand of acid (4/15)
 R - a wand of flame (20/48)
 X - a wand of lightning (6/15)
 Y - a wand of iceblast (5/15)
 Z - a wand of scattershot (2/9)
Scrolls
 g - 11 scrolls of remove curse
 o - 4 scrolls of magic mapping
 q - 9 scrolls of identify
 s - 8 scrolls of teleportation
 C - 4 scrolls of fear
 N - 5 scrolls of blinking
 P - 4 scrolls of fog
 T - 2 scrolls of recharging
Potions
 i - 7 potions of flight
 j - 3 potions of haste
 l - 4 potions of mutation
 n - 3 potions of heal wounds
 x - a potion of might
 H - a potion of agility
 K - 7 potions of curing
 O - a potion of magic
 S - a potion of berserk rage
 U - 2 potions of ambrosia
Comestibles
 f - 15 bread rations
 m - 14 meat rations
 z - 2 royal jellies
 F - 37 fruits
 V - 6 chunks of flesh


   Skills:
 + Level 15.1(13.0) Fighting
 + Level 18.5(17.4) Axes
 + Level 10.9(12.6) Maces & Flails
 + Level 2.4(0.8) Throwing
 + Level 12.4(10.5) Armour
 + Level 7.5(5.8) Dodging
 + Level 4.9(3.2) Stealth
 + Level 18.6(16.4) Shields
 + Level 8.8(7.0) Invocations
 + Level 3.3(1.7) Evocations


You had 18 spell levels left.
You didn't know any spells.

Dungeon Overview and Level Annotations

Branches:
Dungeon (15/15)            Temple (1/1) D:5            Lair (6/6) D:10
  Swamp (4/4) Lair:2        Snake (4/4) Lair:2        Slime (0/5) Lair:6
    Orc (2/2) D:10            Elf (1/3) Orc:2        Vaults (0/5) D:13
 Depths (0/5) D:15

Altars:
Ashenzari
Cheibriados
Dithmenos
Elyvilon
Fedhas
Gozag
Hepliaklqana
Kikubaaqudgha
Makhleb
Nemelex Xobeh
Okawaru
Qazlal
Ru
Sif Muna
Trog
Uskayaw
Vehumet
Wu Jian
Xom
Yredelemnul
Zin
The Shining One
Beogh
Jiyva

Shops:
D:11 *   D:15 *   Orc:2 !?%(}((!%   Snake:1 =}}   Snake:2 *[?*[

Portals:
Trove: D:14 (show abyssal rune of Zot)

Annotations:
Lair:4 exclusion: oklob plant
Snake:3 exclusion: downstairs
Snake:4 Mara, Vashnia


Innate Abilities, Weirdness & Mutations

You can walk on water.
You can translocate small distances at will.
You possess an exceptional clarity of mind.


Message History

You hit the saltling but do no damage. x3; The saltling dissolves into shadows! x2
You block the saltling's attack. The peacekeeper closely misses you.
You block the peacekeeper's attack.
Unknown command.
You slash the peacekeeper!
The peacekeeper is moderately damaged.
You hit the saltling. You hit the saltling but do no damage.
You block the saltling's attack. x2; The peacekeeper bites you.
The peacekeeper claws you!
The peacekeeper roars a battlecry!
The golems go into a battle-frenzy!
The ragged hierophant gestures at you while chanting.
A blast of power from the earth and the adjacent constructs strikes you!
The halazid warlock points at the saltling and mumbles some strange words.
The saltling's animating energy erupts into ghostly fire!
The ghostly flame explodes!
The ghostly fireball engulfs the saltling.
The saltling completely resists.
The ghostly fireball engulfs you!
You feel drained.
You die...

. ##p . .. §. ..
§§####.#####.
§§p..L...8....
§§§§.8.........
§§§§§88..8.......
§§§§§8@88.8.....§.
§§§§§§....8.......
§§§.§...............
§§§.§§§§..............
§.§§.................#
...§.§...#...........#
.........#............
.#......#.............
##...................


You could see a ragged hierophant, an imperial myrmidon (wandering), a halazid
warlock, 3 peacekeepers and 7 saltlings.

Vanquished Creatures
  An Ice Fiend (IceCv)
  A tentacled monstrosity (Swamp:3)
  Frances (D:13)
  A sphinx (D:12)
  A thorn hunter (Swamp:3)
  Kirke (Lair:5)
  2 nagarajas (Snake:3)
  A fire giant (D:12)
  The ghost of Azzok the Brawler, a journeyman TrFi of Okawaru (Lair:1)
  2 fire dragons
  Harold (D:12)
  Fannar (D:11)
  3 vault guards (D:13)
  A great orb of eyes (D:12)
  A rakshasa (D:15)
  13 hydras
  4 naga warriors
  2 anacondas
  3 centaur warriors
  7 alligators
  A catoblepas (D:13)
  3 two-headed ogres
  5 death yaks (Lair:3)
  6 naga sharpshooters
  A fire crab (Lair:6)
  6 shock serpents
  An unseen horror (shapeshifter) (D:14)
  3 swamp dragons (Swamp:4)
  3 spriggan druids
  2 naga ritualists
  Pikel (D:7)
  3 shambling mangroves
  An orc knight (Orc:2)
  A necromancer (D:12)
  An ugly thing (D:12)
  5 mana vipers
  2 orc sorcerers (Orc:2)
  A wolf spider (D:12)
  3 deep elf magi
  The ghost of NormalPerson7 the Gusty, a novice DrAE (D:7)
  A faun (shapeshifter) (D:15)
  7 elephants
  2 cyclopes (D:12)
  5 naga magi
  An ice statue (IceCv)
  2 salamanders (Snake:3)
  4 guardian serpents
  A torpor snail (Lair:6)
  2 gargoyles
  4 centaur skeletons
  15 black mambas
  13 spiny frogs
  A spiny frog (shapeshifter) (D:15)
  A molten gargoyle (Lair:6)
  8 rime drakes (Lair:5)
  5 komodo dragons
  2 anaconda simulacra (IceCv)
  6 ice devils (IceCv)
  3 tengu conjurers (D:14)
  4 freezing wraiths
  4 trolls
  5 meliai
  10 hornets
  2 polar bears
  7 slime creatures
  9 blink frogs
  6 hippogriffs
  Prince Ribbit (D:5)
  11 bog bodies
  A blink frog (shapeshifter) (D:13)
  A tyrant leech (Swamp:4)
  Sigmund (D:2)
  6 redbacks (D:15)
  A shadow (D:12)
  A water elemental (Elf:1)
  4 spriggans
  6 wyverns
  27 yaks
  A vampire (D:13)
  A fire elemental (Lair:4)
  6 hogs (Lair:5)
  3 fire bats (Lair:4)
  2 hungry ghosts
  A human (shapeshifter) (D:15)
  3 basilisks
  5 iron troll simulacra (IceCv)
  6 steam dragons (Lair:5)
  10 swamp worms
  11 vampire mosquitoes
  Menkaure (D:7)
  A water moccasin (shapeshifter) (D:15)
  20 nagas
  2 soldier ants (Lair:2)
  3 hydra simulacra (IceCv)
  A warg (D:10)
  Edmund (D:4)
  An acid dragon (D:14)
  3 harpy simulacra (IceCv)
  4 hell hounds
  9 water moccasins
  A porcupine (shapeshifter) (D:12)
  8 porcupines
  4 ice beasts
  3 orc warriors (D:10)
  10 swamp drakes
  4 sky beasts
  2 black bears
  A slave (D:7)
  2 ettin simulacra (IceCv)
  8 ogres
  2 wolves (Lair:3)
  A boggart (D:14)
  11 centaurs
  17 crocodiles
  2 big kobolds
  Blork the orc (D:6)
  15 bullfrogs
  A wyvern zombie (D:9)
  2 gnoll sergeants
  A wyvern skeleton (D:8)
  5 scorpions
  7 killer bees (D:10)
  An elephant simulacrum (IceCv)
  11 wights
  9 howler monkeys
  An electric eel (Lair:2)
  4 centaur zombies
  7 crimson imps
  3 draconian simulacra (IceCv)
  6 lava snakes
  A quasit (D:7)
  10 hounds
  7 jellies
  3 orc wizards
  3 bullfrog skeletons
  8 iguanas
  Ijyb (D:5)
  23 worker ants
  2 troll simulacra (IceCv)
  Terence (D:2)
  2 spriggan simulacra (IceCv)
  A polar bear simulacrum (IceCv)
  A centaur simulacrum (IceCv)
  5 hound skeletons
  A worker ant zombie (D:7)
  16 gnolls
  3 ogre simulacra (IceCv)
  13 adders
  4 naga simulacra (IceCv)
  A shadow imp (D:12)
  7 white imps (IceCv)
  4 ufetubi (IceCv)
  7 oozes
  An adder skeleton (D:4)
  5 worms
  2 dart slugs
  6 leopard geckos
  13 orcs
  4 ball pythons
  4 bats
  3 giant cockroaches
  8 goblins
  12 hobgoblins
  10 jackals
  17 kobolds
  9 quokkas
  5 frilled lizards
  2 leopard gecko skeletons (D:5)
  10 rats
  5 fungi
773 creatures vanquished.

Vanquished Creatures (collateral kills)
  2 nagarajas
  Roxanne (Snake:1)
  A storm dragon (D:12)
  Donald (Snake:1)
  Aizul (Snake:1)
  A fire dragon (Lair:6)
  A servant of whispers (Elf:1)
  9 hydras
  8 naga warriors
  5 vault guards (D:13)
  A centaur warrior (D:14)
  2 anacondas
  A ghost crab (Swamp:4)
  4 death yaks (Lair:3)
  3 two-headed ogres
  A queen ant (Lair:2)
  An ogre mage (Orc:2)
  6 naga sharpshooters
  5 shock serpents
  3 spriggans
  A salamander mystic (Snake:2)
  A shambling mangrove (Swamp:4)
  A spriggan druid (Swamp:4)
  A glowing orange brain (D:15)
  7 swamp dragons (Swamp:4)
  2 naga ritualists
  6 mana vipers
  3 orc sorcerers (Orc:2)
  5 deep elf magi
  5 salamanders
  3 ugly things (D:13)
  A centaur zombie (D:13)
  9 naga magi
  15 black mambas
  An elephant (Lair:6)
  2 molten gargoyles (Lair:6)
  A spiny frog (Swamp:1)
  A spiny frog (shapeshifter) (D:15)
  A tengu conjurer (D:14)
  4 komodo dragons
  A kobold demonologist (D:15)
  A meliai (D:11)
  2 slime creatures
  A tyrant leech (Swamp:1)
  A blink frog (Lair:6)
  3 bog bodies
  3 saltlings (Elf:1)
  6 hornets
  2 hippogriffs
  2 dire elephant simulacra (IceCv)
  A wraith (D:13)
  A water elemental (Elf:1)
  2 redbacks (D:15)
  A shadow (D:13)
  A fire elemental (Elf:1)
  12 yaks
  4 basilisks
  A basilisk (shapeshifter) (D:12)
  11 vampire mosquitoes
  20 nagas
  A swamp worm (Swamp:1)
  2 soldier ants
  A warg (D:10)
  4 hell hounds (Lair:6)
  An iron troll simulacrum (IceCv)
  A hydra simulacrum (IceCv)
  4 swamp drakes
  5 orc warriors
  An orc priest (Swamp:2)
  2 porcupines
  2 phantoms
  2 boggarts (D:14)
  2 centaurs (D:14)
  A wolf (Lair:3)
  4 crocodiles
  5 bullfrogs
  2 crimson imps
  A quasit (D:12)
  4 worker ants (Lair:2)
  7 orc wizards (Orc:2)
  6 orcs
  2 shadow imps
  A kobold (D:15)
  4 fungi
  A plant (Lair:2)
269 creatures vanquished.

Vanquished Creatures (others)
  An orc warlord (Swamp:4)
  A nagaraja (Snake:3)
  A yaktaur captain (D:12)
  A naga warrior (Snake:2)
  7 orc knights
  2 orc high priests
  2 naga sharpshooters
  7 orc sorcerers
  11 orc warriors
  2 naga magi
  2 rime drakes (Lair:5)
  A hornet (Swamp:4)
  A basilisk (Lair:6)
  A vampire mosquito (D:14)
  23 orc wizards
  7 orc priests
  34 orcs
  A kobold (D:10)
  4 fungi
  4 plants
  11 toadstools (Lair:4)
124 creatures vanquished.

Grand Total: 1166 creatures vanquished

Notes
Turn   | Place    | Note
-------+----------+-------------------------------------------
     0 | D:1      | dvd the Hill Orc Fighter began the quest for the Orb.
     0 | D:1      | Reached XP level 1. HP: 19/19 MP: 1/1
   217 | D:1      | Reached XP level 2. HP: 27/27 MP: 2/2
   522 | D:1      | Reached XP level 3. HP: 31/33 MP: 3/3
   944 | D:2      | Reached XP level 4. HP: 26/41 MP: 4/4
  1407 | D:2      | Noticed Sigmund
  1429 | D:2      | Gained mutation: You can translocate small distances at will. [potion of mutation]
  1429 | D:2      | Gained mutation: You possess an exceptional clarity of mind. [potion of mutation]
  1434 | D:2      | Killed Sigmund
  1434 | D:2      | Reached skill level 1 in Dodging
  1434 | D:2      | Reached XP level 5. HP: 14/47 MP: 5/5
  1434 | D:2      | Reached XP level 6. HP: 16/55 MP: 6/6
  1819 | D:2      | Noticed Terence
  1829 | D:2      | Killed Terence
  1829 | D:2      | Reached skill level 5 in Axes
  2216 | D:2      | Found a burning altar of Makhleb.
  2463 | D:3      | Reached skill level 5 in Fighting
  2547 | D:3      | Found a deep blue altar of Sif Muna.
  2552 | D:3      | Found a glowing silver altar of Zin.
  2561 | D:3      | Found a basalt altar of Yredelemnul.
  2812 | D:3      | Noticed a moth of wrath
  2814 | D:3      | Found a bloodstained altar of Trog.
  2962 | D:3      | Found an iron altar of Okawaru.
  3104 | D:4      | Noticed Edmund
  3114 | D:4      | Killed Edmund
  3114 | D:4      | Reached XP level 7. HP: 48/61 MP: 7/7
  3448 | D:4      | Reached skill level 1 in Maces & Flails
  3886 | D:4      | Reached skill level 5 in Armour
  3906 | D:4      | Reached XP level 8. HP: 65/70 MP: 8/8
  4146 | D:4      | Found a glowing golden altar of the Shining One.
  4146 | D:4      | Found an ornate altar of the Wu Jian Council.
  4371 | D:5      | Entered Level 5 of the Dungeon
  4736 | D:5      | Noticed Prince Ribbit
  4972 | D:5      | Found a staircase to the Ecumenical Temple.
  5009 | D:5      | Noticed Ijyb
  5026 | D:5      | Killed Ijyb
  5041 | Temple   | Entered the Ecumenical Temple
  5179 | D:5      | Found a burning altar of Makhleb.
  5196 | D:5      | Reached skill level 5 in Shields
  5223 | D:5      | Became a worshipper of Beogh the Brigand
  5281 | D:5      | Found a stormy altar of Qazlal.
  5383 | D:5      | Killed Prince Ribbit
  6100 | D:6      | Found an opulent altar of Gozag.
  6102 | D:6      | Noticed Blork the orc
  6109 | D:6      | Killed Blork the orc
  6109 | D:6      | Reached XP level 9. HP: 70/78 MP: 9/9
  6524 | D:7      | Reached * piety under Beogh
  6800 | D:7      | Noticed NormalPerson7's ghost (novice DrAE)
  6810 | D:7      | Killed NormalPerson7's ghost
  6810 | D:7      | Reached skill level 5 in Maces & Flails
  6866 | D:7      | Found a white marble altar of Elyvilon.
  6925 | D:7      | Found an ancient bone altar of Kikubaaqudgha.
  6928 | D:7      | Noticed Menkaure
  6935 | D:7      | Killed Menkaure
  7104 | D:7      | Noticed Pikel
  7124 | D:7      | Killed Pikel
  7124 | D:7      | Reached XP level 10. HP: 64/88 MP: 10/10
  7503 | D:8      | Reached ** piety under Beogh
  8018 | D:9      | Noticed a two-headed ogre
  8579 | D:9      | Reached skill level 1 in Invocations
  9121 | D:9      | Found a snail-covered altar of Cheibriados.
  9140 | D:9      | Killed a two-headed ogre
  9686 | D:10     | Entered Level 10 of the Dungeon
  9834 | D:10     | Reached *** piety under Beogh
  9884 | D:10     | Noticed a two-headed ogre
  9891 | D:10     | Killed a two-headed ogre
  9891 | D:10     | Reached skill level 10 in Axes
  9891 | D:10     | Reached XP level 11. HP: 84/95 MP: 12/14
  9919 | D:10     | Got an ancient hand axe
  9920 | D:10     | Identified the +11 hand axe "Megoalai" {drain, Dex+7} (You found it on level 10 of the Dungeon)
 10009 | D:10     | Found a staircase to the Lair.
 10184 | D:10     | Reached skill level 5 in Invocations
 10188 | D:10     | Noticed a two-headed ogre
 10196 | D:10     | Killed a two-headed ogre
 10197 | D:10     | Found a staircase to the Orcish Mines.
 10537 | Lair:1   | Entered Level 1 of the Lair of Beasts
 10576 | Lair:1   | Reached **** piety under Beogh
 10601 | Lair:1   | Noticed Azzok's ghost (journeyman TrFi)
 11038 | D:11     | Found Ulier's Demolitions Depot.
 11132 | D:11     | Noticed Fannar
 11161 | D:11     | Killed Fannar
 11359 | D:11     | Found a deep blue altar of Sif Muna.
 11903 | D:12     | Reached skill level 1 in Stealth
 11930 | D:12     | Identified Culotwe's Tome of Enthralling Translocation
 12037 | D:12     | Noticed an eight-headed hydra
 12493 | Lair:1   | Killed Azzok's ghost
 12493 | Lair:1   | Reached skill level 1 in Throwing
 12493 | Lair:1   | Reached XP level 12. HP: 87/105 MP: 11/17
 12714 | Lair:1   | Identified a scroll of acquirement
 12715 | Lair:1   | Got a heavily runed large shield
 12726 | Lair:1   | Identified the +6 large shield of Focus {+Fly Int+4} (You acquired it on level 1 of the Lair of Beasts)
 13239 | Orc:1    | Entered Level 1 of the Orcish Mines
 13366 | Lair:2   | Found a staircase to the Swamp.
 13620 | Lair:2   | Noticed a queen ant
 13633 | Lair:2   | Reached skill level 10 in Fighting
 13633 | Lair:2   | Killed a queen ant
 13641 | Lair:2   | Reached ***** piety under Beogh
 14031 | Lair:2   | Found a staircase to the Snake Pit.
 14245 | Lair:2   | Noticed a four-headed hydra
 14250 | Lair:2   | Killed a five-headed hydra
 14431 | Lair:3   | Noticed a five-headed hydra
 14434 | Lair:3   | Noticed a death yak
 14434 | Lair:3   | Noticed a death yak
 14435 | Lair:3   | Killed a five-headed hydra
 14435 | Lair:3   | Reached skill level 10 in Shields
 14443 | Lair:3   | Killed a death yak
 14447 | Lair:3   | Killed a death yak
 14460 | Lair:3   | Noticed a death yak
 14461 | Lair:3   | Noticed a death yak
 14473 | Lair:3   | Killed a death yak
 14476 | Lair:3   | Killed a death yak
 14476 | Lair:3   | Reached XP level 13. HP: 101/114 MP: 18/18
 14688 | Lair:3   | Gained Orgrim as an ally
 14754 | Lair:3   | Your ally Orgrim died
 14755 | Lair:3   | Reached skill level 5 in Dodging
 16098 | Lair:4   | Found a blossoming altar of Fedhas.
 16534 | Lair:5   | Noticed a fire dragon
 16549 | Lair:5   | Killed a fire dragon
 16965 | Lair:5   | Noticed Kirke
 16986 | Lair:5   | Killed Kirke
 16986 | Lair:5   | Reached XP level 14. HP: 121/124 MP: 19/19
 17496 | Lair:6   | Entered Level 6 of the Lair of Beasts
 17521 | Lair:6   | Reached skill level 1 in Evocations
 17521 | Lair:6   | Reached ****** piety under Beogh
 17604 | Lair:6   | Found a viscous altar of Jiyva.
 17605 | Lair:6   | Found a staircase to the Slime Pits.
 17698 | Lair:6   | Gained Oruk as an ally
 18716 | Lair:6   | Found a large runed door.
 18717 | Lair:6   | Found a large runed door.
 18747 | Lair:6   | Reached skill level 15 in Axes
 19410 | D:12     | Noticed Harold
 19422 | D:12     | Killed Harold
 19422 | D:12     | Reached skill level 10 in Armour
 19537 | D:12     | Noticed a sphinx
 19708 | D:12     | Noticed a fire giant
 19709 | D:12     | Noticed a storm dragon
 19720 | D:12     | Killed a sphinx
 19731 | D:12     | Killed a fire giant
 20104 | D:12     | Gained Gorbash as an ally
 20112 | D:12     | Reached XP level 15. HP: 78/134 MP: 20/20
 20117 | D:12     | Killed a storm dragon
 20136 | D:12     | Got a creamy pearl robe
 20175 | D:12     | Identified the cursed +1 robe "Ynitzus" {*Corrode rPois rN+++ Str-3} (You took it off a necromancer on level 12 of the Dungeon)
 20190 | D:12     | Got a faintly humming ring mail
 20201 | D:12     | Identified the +1 ring mail of Kindness {*Corrode +Inv +Fly rN++} (You found it on level 12 of the Dungeon)
 20478 | D:13     | Found a gate to the Vaults.
 20953 | D:13     | Noticed Frances
 20964 | D:13     | Killed Frances
 21592 | D:14     | Reached skill level 15 in Shields
 21714 | D:14     | Found a portal to a secret trove of treasure.
 22064 | D:14     | Found a white marble altar of Elyvilon.
 22686 | D:15     | Entered Level 15 of the Dungeon
 22971 | D:15     | Gained Worak as an ally
 22987 | D:15     | Found Flizxypalu's Fabulous Fripperies.
 23101 | D:15     | Got an iridescent long sword
 23102 | D:15     | Identified the +10 long sword "Uhacs" {slice, +Rage Stlth+} (You found it on level 15 of the Dungeon)
 23334 | D:15     | Found a staircase to the Depths.
 23504 | D:10     | Gained Warbeogh as an ally
 23689 | Orc:2    | Entered Level 2 of the Orcish Mines
 23689 | Orc:2    | Found Saenoemi's Magic Scroll Boutique.
 23689 | Orc:2    | Found a staircase to the Elven Halls.
 23711 | Orc:2    | Found Cetorion's Distillery.
 23712 | Orc:2    | Found Uzotis's Antique Weapon Shop.
 23739 | Orc:2    | Found Akhiniz's Food Shoppe.
 24001 | Orc:2    | Found Baodighi's Food Shoppe.
 24120 | Orc:2    | Found a radiant altar of Vehumet.
 24129 | Orc:2    | Found Meath's Antique Weapon Boutique.
 24140 | Orc:2    | Found Guupt's Gadget Shop.
 24141 | Orc:2    | Found Dimerohi's Antique Weapon Boutique.
 24141 | Orc:2    | Found a roughly hewn altar of Beogh.
 24177 | Orc:2    | Found an ancient bone altar of Kikubaaqudgha.
 24192 | Orc:2    | Bought a pitted broad axe for 315 gold pieces
 24192 | Orc:2    | Identified the +5 broad axe "Cajoyn" {chop, Dex+3} (You bought it in a shop on level 2 of the Orcish Mines)
 24247 | Orc:2    | Found Vecacwif's Distillery.
 24254 | Orc:2    | Bought a potion of heal wounds for 75 gold pieces
 24254 | Orc:2    | Bought a potion of heal wounds for 75 gold pieces
 24254 | Orc:2    | Bought a potion of heal wounds for 75 gold pieces
 24324 | Orc:2    | Found a runed door.
 24393 | Orc:2    | Found a roughly hewn altar of Beogh.
 24730 | Snake:1  | Entered Level 1 of the Snake Pit
 24730 | Snake:1  | Noticed Roxanne
 24740 | Snake:1  | Killed Roxanne
 24809 | Snake:1  | Noticed Donald
 24816 | Snake:1  | Killed Donald
 24816 | Snake:1  | Reached XP level 16. HP: 141/144 MP: 21/21
 24879 | Snake:1  | Your ally Warbeogh died
 25077 | Snake:1  | Your ally Worak died
 25219 | Snake:1  | Noticed Aizul
 25227 | Snake:1  | Killed Aizul
 25465 | Snake:1  | Found Temikh's Jewellery Shoppe.
 25465 | Snake:1  | Found Fozetiff's Gadget Shop.
 25466 | Snake:1  | Found Kusu Yli's Gadget Shop.
 26019 | Snake:2  | Found Saptoc's Antique Armour Boutique.
 26025 | Snake:2  | Bought a pair of glowing gloves for 307 gold pieces
 26043 | Snake:2  | Found a frozen archway.
 26096 | Snake:2  | Found Sudass's Assorted Antiques.
 26280 | IceCv    | Entered an ice cave
 26988 | IceCv    | Gained Marbork as an ally
 26996 | IceCv    | Your ally Marbork died
 27176 | IceCv    | Noticed an Ice Fiend
 27210 | IceCv    | Killed an Ice Fiend
 27307 | IceCv    | Reached skill level 10 in Maces & Flails
 27629 | IceCv    | Reached XP level 17. HP: 151/151 MP: 23/23
 28253 | Snake:2  | Found Covun's General Store.
 28261 | Snake:2  | Found Teufy's Armour Shoppe.
 28267 | Snake:2  | Bought a +2 cloak of poison resistance for 277 gold pieces
 28282 | Snake:2  | Found Ilokhoni's Magic Scroll Shoppe.
 28814 | Snake:3  | Got a black opal-encrusted leather armour
 28825 | Snake:3  | Identified the cursed +1 leather armour of Eternal Vigilance {rC- Str+3 Int+2 Stlth+} (You found it on level 3 of the Snake Pit)
 29099 | Snake:3  | Gained Rocco as an ally
 29535 | Snake:3  | Reached XP level 18. HP: 131/160 MP: 24/24
 29776 | Snake:4  | Entered Level 4 of the Snake Pit
 29823 | Snake:4  | Gained Zartorak as an ally
 29830 | Snake:4  | Noticed Vashnia
 29832 | Snake:4  | Your ally Warbeogh died
 29897 | Snake:4  | Gained Herok as an ally
 30281 | Snake:4  | Noticed Mara
 30288 | Snake:4  | Noticed dvd's illusion
 30290 | Snake:4  | Your ally Worak died
 30644 | Swamp:1  | Entered Level 1 of the Swamp
 31545 | Swamp:2  | Gained Urtork as an ally
 31579 | Swamp:2  | Your ally Urtork died
 32094 | Swamp:3  | Paralysed by a hornet for 3 turns
 32138 | Swamp:3  | Got a thick robe
 32149 | Swamp:3  | Identified the +1 robe "Wynguimn" {*Drain rPois rC+ MR+} (You found it on level 3 of the Swamp)
 32385 | Swamp:3  | Noticed a tentacled monstrosity
 32403 | Swamp:3  | Killed a tentacled monstrosity
 32907 | Swamp:4  | Entered Level 4 of the Swamp
 33083 | Swamp:4  | Gained Gorg as an ally
 33115 | Swamp:4  | Your ally Herok died
 33123 | Swamp:4  | Your ally Gorg died
 33150 | Swamp:4  | Your ally Zartorak died
 33168 | Swamp:4  | Your ally Oruk died
 33188 | Swamp:4  | Reached skill level 15 in Fighting
 33222 | Swamp:4  | Got a decaying rune of Zot
 33398 | Swamp:4  | Reached XP level 19. HP: 137/170 MP: 25/25
 33620 | Elf:1    | Entered Level 1 of the Elven Halls
 33721 | Elf:1    | Found a ruined gateway.
 33787 | Desolati | Entered the Desolation of Salt
 33804 | Desolati | Killed from afar by a halazid warlock

Vault maps used:
D:1:      dpeg_arrival_prison
D:2:      first_bread, makhleb_blood_cavern_becter, uniq_sigmund, uniq_terence
D:3:      tgw_trog, lemuel_crystal_altar, minmay_overflow_temple_star_quad
D:4:      minmay_opposing_rooms, gammafunk_temple_overflow_statue,
          eino_curves_04, nrook_loot_triangle, grunt_decor_mini_mirrors,
          uniq_edmund
D:5:      lemuel_round_altar, minmay_temple_entry_statues_pillars, basic_altar,
          roderic_serpentine_path, minmay_misc_feat_iff, grunt_ministairs_2,
          uniq_iyjb, uniq_prince_ribbit1
D:6:      nicolae_gozag_cash_rules_everything_around_me, uniq_blork_the_orc
D:7:      kennysheep_mini_moat, elyvilon_altar_1, abandoned_shop, uniq_menkaure,
          uniq_pikel
D:9:      lemuel_doored_altar
D:10:     minmay_lair_entry_lava, david_orc_1_choice,
          hangedman_little_slice_of_home
D:11:     basic_altar, nicolae_blasting_shop, uniq_fannar
D:12:     minmay_expanding_circles, uniq_harold
D:13:     erik_vaults_2, uniq_frances
D:14:     enter_trove_0, basic_altar
D:15:     gammafunk_enter_depths_forms, hangedman_abyss_or_decor_stabs,
          nicolae_alphabet_shops, minmay_misc_feat_ornament, spider_trap
Temple:   nicolae_temple_figure_zero
Lair:2:   minmay_swamp_entry_reptiles, minmay_snake_entry_guardpost_medium,
          serial_bayou_pond_b, minmay_another_anthill, serial_bayou_shore_a,
          lemuel_fruit_tree
Lair:3:   nicolae_lair_grove_arrangements
Lair:4:   tgw_fedhas
Lair:5:   bobbens_dragon_lair_wall, uniq_kirke
Lair:6:   cheibrodos_lair_end_hotspot, slime_altar_1
Swamp:1:  nicolae_swamp_fairy_circle
Swamp:2:  nicolae_swamp_stair_fork, infiniplex_staircase_pool
Swamp:3:  serial_swamp_ruin, hangedman_swamp_ruin_wall,
          evilmike_swamp_ruin_house_1, swamp_pool5, hangedman_swamp_cone,
          infiniplex_staircase_pool_2
Swamp:4:  swamp_alternative, swamp_pool2, lightli_tree_ring
Snake:1:  minmay_shop_grove, uniq_donald, uniq_roxanne, uniq_aizul
Snake:2:  portal_ice_cave_entry_pillars_2, serial_shops, shop,
          nicolae_shop_competitors_out_of_business, nicolae_shop_crystal,
          shop_statue, nicolae_shop_statue_plus
Snake:3:  spider_trap, grunt_ministairs_10
Snake:4:  johnstein_snake_rune_scales, uniq_mara
Orc:1:    serial_shops, shop, uniq_snorg, uniq_erolcha
Orc:2:    kennysheep_orc_mage_school, serial_shops, nicolae_shop_statue_plus,
          shop, nicolae_shop_statue_plus, nicolae_shop_stone, shop_coins,
          lightli_church_of_beogh
Elf:1:    elf_arrival_002, portal_desolation_entry_nicolae_nacl, serial_glass,
          glass_columns_a, glass_columns_a, glass_columns_a, glass_columns_c,
          minmay_elf_necromancy, hex_large
IceCv:    ice_cave_caverns_01

Skill      XL: |  1  2  3  4  5  6  7  8  9 10 11 12 13 14 15 16 17 18 |
---------------+-------------------------------------------------------+-----
Fighting       | 4 5 6 7 8 9 10 11 12 13 14 15 | 15.1
Axes           | 3 4 6 7 9 10 11 13 14 15 16 17 18 | 18.5
Armour         | 4 5 6 7 8 9 10 11 12 | 12.4
Dodging        | 1 2 3 4 5 6 7 |  7.5
Shields        | 4 5 6 7 8 10 12 14 15 16 17 18 | 18.6
Maces & Flails | 1 4 6 8 9 10 | 10.9
Invocations    | 4 7 8 |  8.8
Stealth        | 1 2 3 4 |  4.9
Throwing       | 1 2 |  2.4
Evocations     | 1 2 3 |  3.3

Action                   |  1- 3 |  4- 6 |  7- 9 | 10-12 | 13-15 | 16-18 | 19-21 || total
-------------------------+-------+-------+-------+-------+-------+-------+-------++-------
Melee: War axe           |   100 |   166 |   111 |    71 |       |       |       ||   448
       Flail             |       |       |   195 |    14 |       |       |       ||   209
       Morningstar       |       |       |    73 |   152 |    45 |   129 |     8 ||   407
       Hand axe          |       |       |       |   403 |   873 |   248 |    22 ||  1546
       Mace              |       |       |       |       |     5 |       |       ||     5
       Broad axe         |       |       |       |       |    24 |   485 |       ||   509
Throw: Tomahawk          |       |       |       |    21 |     5 |     2 |       ||    28
Invok: Convert to Beogh  |       |       |     1 |       |       |       |       ||     1
       Recall Orcish Fol |       |       |       |     5 |     7 |    24 |     1 ||    37
       Smiting           |       |       |       |     2 |     1 |       |       ||     3
       Give Item to Name |       |       |       |       |     4 |     4 |       ||     8
       Resurrection      |       |       |       |       |       |     3 |       ||     3
 Abil: Evoke Flight      |       |       |       |       |     1 |       |       ||     1
Evoke: Wand              |       |       |     5 |     1 |    13 |     8 |       ||    27
  Use: Potion            |       |     3 |       |    14 |     3 |     7 |       ||    27
       Scroll            |       |       |     3 |    22 |    13 |     8 |     1 ||    47
 Stab: Sleeping          |       |       |     1 |       |     1 |       |       ||     2
       Distracted        |       |       |       |     3 |    11 |    14 |       ||    28
       Held in net/web   |       |       |       |       |     1 |       |       ||     1
       Confused          |       |       |       |       |       |     2 |       ||     2
  Eat: Chunk             |       |     7 |    14 |    22 |    24 |     5 |     1 ||    73
       Royal jelly       |       |       |       |     1 |     5 |    11 |       ||    17
Armor: Scale mail        |    47 |    62 |   184 |   168 |   197 |       |       ||   658
       Chain mail        |       |       |       |       |     2 |    59 |       ||    61
       Plate armour      |       |       |       |       |       |   200 |     2 ||   202
Dodge: Dodged            |    40 |    55 |   137 |   165 |   168 |   137 |     4 ||   706
Block: Shield            |    66 |    87 |   191 |   296 |       |       |       ||   640
       Reflection        |       |       |       |     8 |    38 |    85 |     1 ||   132
       Large shield      |       |       |       |   127 |   979 |  1123 |    34 ||  2263
